 Dungeon Crawl Stone Soup version 0.29-a0-352-g0917bc69df (webtiles) character file.

Game seed: 12225012236290636137

1095 Colgate the Caller (level 8, 0/44 HPs)
             Began as a Kobold Brigand on Apr 24, 2022.
             Was a Follower of Qazlal.
             Slain by a sky beast (3 damage)
             ... on level 6 of the Dungeon.
             The game lasted 00:16:17 (7096 turns).

Colgate the Caller (Kobold Brigand)                 Turns: 7096, Time: 00:16:18

Health: 0/44       AC: 14    Str: 15    XL:     8   Next: 57%
Magic:  15/21      EV: 11    Int: 15    God:    Qazlal [*.....]
Gold:   334        SH:  2    Dex: 16    Spells: 13/13 levels left

rFire   . . .      SeeInvis .   b - +2 short sword (elec)
rCold   . . .      Faith    .   (no shield)
rNeg    . . .      Spirit   .   o - +4 scale mail "Enoniag" {-Tele rPois Str+7}
rPois   +          Reflect  .   y - +0 helmet
rElec   .          Harm     .   c - +0 cloak
rCorr   .          Rampage  .   w - +0 pair of gloves
Will    .....      NoTele   +   k - +0 pair of boots
Stlth   +++.......              (no amulet)
HPRegen 0.14/turn               u - ring of magical power
MPRegen 0.17/turn               (no ring)

@: no status effects
A: small, no large weapons, nightstalker 3
a: Renounce Religion


You were on level 6 of the Dungeon.
You worshipped Qazlal.
Qazlal was aware of your devotion.
You visited 2 branches of the dungeon, and saw 7 of its levels.

You collected 334 gold pieces.

Inventory:

Hand Weapons
 a - a +4 dagger
 b - a +2 short sword of electrocution (weapon)
Missiles
 d - 9 poisoned darts (quivered)
 e - 3 curare-tipped darts
Armour
 c - a +0 cloak (worn)
 j - a +0 robe
 k - a +0 pair of boots (worn)
 o - the +4 scale mail "Enoniag" (worn) {-Tele rPois Str+7}
   (You found it on level 3 of the Dungeon)

   Str:       It affects your strength (+7).
   rPois:     It protects you from poison.
   -Tele:     It prevents most forms of teleportation.
 w - a +0 pair of gloves (worn)
 y - a +0 helmet (worn)
Jewellery
 u - a ring of magical power (left hand)
Scrolls
 f - a scroll of vulnerability {unknown}
 l - a scroll of amnesia {unknown}
 m - a scroll of holy word {unknown}
 r - 4 scrolls of teleportation {@r3}
 s - 2 scrolls of noise {unknown}
 t - 2 scrolls of blinking {@r4}
 v - 2 scrolls of immolation {unknown}
 x - a scroll of magic mapping {unknown}
 D - a scroll of fog {unknown}
Potions
 g - 2 potions of haste {@q4}
 h - a potion of mutation
 i - a potion of magic
 n - 2 potions of curing {@q1}
 p - a potion of might {@q3}
 q - a potion of berserk rage
 z - a potion of cancellation
 A - a potion of attraction {unknown}
 B - 2 potions of heal wounds {unknown}
 C - a potion of lignification {unknown}


   Skills:
 - Level 2.1 Fighting
 - Level 4.0 Short Blades
 - Level 2.1 Throwing
 - Level 1.2 Dodging
 - Level 6.0 Stealth
 - Level 3.1 Spellcasting
 + Level 7.7 Summonings
 - Level 2.4 Ice Magic


You had 13 spell levels left.
You didn't know any spells.
Your spell library contained the following spells:

 Spells                   Type           Power      Damage    Failure   Level
 Ensorcelled Hibernation  Hex/Ice        12%        N/A       58%         2
 Magic Dart               Conj           8%         1d3       63%         1
 Summon Ice Beast         Ice/Summ       17%        N/A       71%         4
 Passwall                 Tmut/Erth      1%         N/A       77%         2
 Searing Ray              Conj           4%         2d4       77%         2
 Portal Projectile        Hex/Tloc       4%         N/A       94%         3
 Swiftness                Air            2%         N/A       94%         3
 Summon Mana Viper        Hex/Summ       14%        N/A       99%         5
 Fulminant Prism          Conj/Hex       1%         3d6       100%        4
 Blade Hands              Tmut           1%         N/A       100%        5
 Excruciating Wounds      Necr           1%         N/A       100%        5
 Monstrous Menagerie      Summ           12%        N/A       100%        7


Dungeon Overview and Level Annotations

Branches:
Dungeon (6/15)             Temple (1/1) D:4

Altars:
Ashenzari
Dithmenos
Elyvilon
Fedhas
Gozag
Hepliaklqana
Nemelex Xobeh
Okawaru
Qazlal
Ru
Sif Muna
Trog
Uskayaw
Vehumet
Wu Jian
Yredelemnul
Zin


Innate Abilities, Weirdness & Mutations

You are small and have problems with some larger weapons.
You are completely attuned to the shadows.


Message History

You fail to use your ability.
Something hits you. Something shocks you.
You miss something. Something hits you but does no damage.
You hit something.
A water moccasin comes into view.
Something hits you but does no damage.
You barely miss something. Something hits you. Something shocks you.
You closely miss something. Something hits you but does no damage.
You miss something. The water moccasin bites you.
Something hits you but does no damage.
Aiming: Upheaval
Aim: a water moccasin That beam is likely to hit you.
Continue anyway?
The ground shakes violently, spewing rubble!
The blast of rubble hits the water moccasin!
You can no longer call upon nature to destroy your foes.
The water moccasin misses you. Something hits you but does no damage.
You barely miss the water moccasin. The water moccasin misses you.
The water moccasin closely misses you. Something hits you but does no damage.
You hit the water moccasin.
The water moccasin bites you but does no damage.
You barely miss the water moccasin. Something hits you but does no damage.
You block the water moccasin's attack.
You hit the water moccasin.
Lightning courses through the water moccasin!!
You kill the water moccasin!
Qazlal accepts your kill. Something hits you. Something shocks you.
Something hits you. Something shocks you.
* * * LOW HITPOINT WARNING * * *
You see here a water moccasin corpse.
You miss something. Something hits you but does no damage.
You hit something. Something hits you.
* * * LOW HITPOINT WARNING * * *
Something shocks you.
* * * LOW HITPOINT WARNING * * *
You closely miss something. You block something's attack.
You hit something. Something hits you but does no damage.
You miss something. Something hits you.
You die...

..... . #...#.#
#.#...#.#. #..#
#.........
#..#####.##..#
.###..#.....##..###..
......#........{@....
.###..#.....###§.####
..............#.8#
..............#..#
#.......#######8.#
.......... 8⌠.#
#.##.....8 #.##....#
........


There were no monsters in sight!

Vanquished Creatures
  A wyvern (D:5)
  Menkaure (D:4)
  A water moccasin (D:6)
  A sky beast (D:6)
  A black bear (D:4)
  A phantom (D:5)
  A necrophage (D:4)
  A scorpion (D:4)
  A howler monkey (D:4)
  A gnoll shaman (D:4)
  2 hounds
  2 iguanas
  3 adders
  4 gnolls
  2 white imps
  2 ufetubi (D:4)
  2 worms (D:3)
  A dart slug (D:5)
  2 orcs (D:5)
  8 ball pythons
  4 bats
  10 endoplasms
  8 giant cockroaches
  4 goblins
  5 hobgoblins
  5 jackals
  10 kobolds
  2 quokkas
  2 frilled lizards
  3 rats
91 creatures vanquished.

Notes
Turn   | Place    | Note
-------+----------+-------------------------------------------
     0 | D:1      | Colgate the Kobold Brigand began the quest for the Orb.
     0 | D:1      | Reached XP level 1. HP: 12/12 MP: 1/1
   127 | D:1      | Reached XP level 2. HP: 15/17 MP: 2/2
   494 | D:1      | Reached XP level 3. HP: 21/21 MP: 3/3
  1287 | D:2      | Found a faded altar of an unknown god.
  1292 | D:2      | Prayed at the altar of an unknown god.
  1292 | D:2      | Became a worshipper of Qazlal Stormbringer
  1292 | D:2      | Reached * piety under Qazlal
  1665 | D:2      | Reached skill level 1 in Summonings
  2307 | D:3      | Identified the +4 scale mail "Enoniag" {-Tele rPois Str+7}
  2397 | D:3      | Reached XP level 4. HP: 26/26 MP: 4/4
  2426 | D:3      | Reached skill level 2 in Summonings
  3148 | D:3      | Found a shimmering blue altar of Sif Muna.
  3182 | D:4      | Noticed a scorpion
  3203 | D:4      | Killed a scorpion
  3204 | D:4      | Reached skill level 3 in Summonings
  3204 | D:4      | Reached XP level 5. HP: 21/30 MP: 5/5
  3319 | D:4      | Reached skill level 4 in Summonings
  3339 | D:3      | Reached XP level 6. HP: 9/35 MP: 6/6
  3738 | D:4      | Noticed a black bear
  3751 | D:4      | Killed a black bear
  3752 | D:4      | Reached skill level 5 in Summonings
  3888 | D:4      | Reached ** piety under Qazlal
  4243 | D:4      | Found a bloodstained altar of Trog.
  4288 | D:4      | Reached XP level 7. HP: 29/40 MP: 7/7
  4385 | D:4      | Reached skill level 6 in Summonings
  4626 | D:4      | Found a staircase to the Ecumenical Temple.
  4632 | Temple   | Entered the Ecumenical Temple
  4874 | D:4      | Reached skill level 1 in Spellcasting
  4995 | D:4      | Noticed Menkaure
  5000 | D:4      | HP: 1/40 [Menkaure (4)]
  5002 | D:4      | Killed Menkaure
  5429 | D:5      | Entered Level 5 of the Dungeon
  5463 | D:5      | Noticed a wyvern
  5472 | D:5      | Killed a wyvern
  5473 | D:5      | Reached XP level 8. HP: 29/44 MP: 12/12
  6473 | D:6      | Reached skill level 7 in Summonings
  7096 | D:6      | Slain by a sky beast

Illustrated notes

Levels and vault maps discovered:
D:1:      mrwooster_arrival_arrow, layout_basic
D:2:      layout_loops_corners, basic_ecumenical_altar
D:3:      layout_basic, general_overflow_altar
D:4:      layout_loops_corners, lemuel_doored_altar,
          minmay_temple_entry_poolview, nicolae_underground_beach, uniq_menkaure
D:5:      layout_loops_cross, minmay_misc_feat_columns
D:6:      layout_basic, gammafunk_temple_overflow_pools,
          chequers_decorated_corner
Temple:   nicolae_temple_great_sept

Skill      XL: |  1  2  3  4  5  6  7  8 |
---------------+-------------------------+-----
Short Blades   | 3 4 |  4.0
Stealth        | 6 |  6.0
Summonings     | 1 3 4 5 6 7 |  7.7
Spellcasting   | 3 |  3.1
Ice Magic      | 2 |  2.4
Fighting       | |  2.1
Throwing       | |  2.1
Dodging        | |  1.2

Action                   |  1- 3 |  4- 6 |  7- 9 || total
-------------------------+-------+-------+-------++-------
Melee: Dagger            |    87 |    62 |     4 ||   153
       Short sword       |       |    71 |   138 ||   209
       Punch             |       |     3 |     3 ||     6
Throw: Dart              |       |     5 |     2 ||     7
Invok: Upheaval          |       |       |     3 ||     3
  Use: Scroll            |     2 |     1 |     5 ||     8
 Stab: Sleeping          |    18 |       |       ||    18
Armor: Robe              |     5 |       |       ||     5
       Scale mail        |     3 |    56 |    63 ||   122
Dodge: Dodged            |    38 |    58 |    35 ||   131
Block: Other             |     1 |     5 |    10 ||    16

Table legend: (Time is in decaauts)
 A = Elapsed time spent in this place.
 B = Non-inter-level travel time spent in this place.
 C = Inter-level travel time spent in this place.
 D = Time resting spent in this place.
 E = Time spent auto-exploring this place.
 F = Levels seen in this place.
 G = Mean time per level.
                   A        B        C        D        E       F      G
               +--------+--------+--------+--------+--------+-----+--------+
         Total |   7039 |   6778 |    261 |    355 |   5491 |   7 | 1005.6 |
       Dungeon |   6894 |   6648 |    246 |    355 |   5374 |   6 | 1149.0 |
        Temple |    144 |    129 |     15 |      0 |    117 |   1 |  144.0 |
               +--------+--------+--------+--------+--------+-----+--------+

Top non-repeatable levels by time:
     D:3: 1576 daAuts
     D:4: 1458 daAuts
     D:2: 1340 daAuts
     D:5: 1283 daAuts
     D:1: 862 daAuts
     D:6: 373 daAuts
  Temple: 144 daAuts
